 Dungeon Crawl Stone Soup version 0.30-a0-772-g5528072125 (webtiles) character file.

Game seed: 4392438265266492672

433 kingofthe the Sneak (level 7, -5/41 HPs)
             Began as an Octopode Fire Elementalist on Feb 12, 2023.
             Was an Initiate of Sif Muna.
             Slain by Duvessa
             ... wielding a +0 rapier
              (11 damage)
             ... on level 5 of the Dungeon.
             The game lasted 00:11:32 (4089 turns).

kingofthe the Sneak (Octopode Fire Elementalist)    Turns: 4089, Time: 00:11:33

Health: -5/41      AC:  1    Str:  7    XL:     7   Next: 0%
Magic:  12/12      EV: 14    Int: 17    God:    Sif Muna [......]
Gold:   106        SH:  3    Dex: 15    Spells: 10/13 levels left

rFire   . . .      SeeInvis .    q - +0 dagger (venom)
rCold   . . .      Faith    .    n - +0 buckler
rNeg    . . .      Spirit   .    (helmet restricted)
rPois   .          Reflect  .    g - amulet of magic regeneration
rElec   .          Harm     .    (no ring)
rCorr   .          Rampage  .    (no ring)
Will    .....                    (no ring)
Stlth   ++                       (no ring)
HPRegen 0.26/turn                (no ring)
MPRegen 0.53/turn                (no ring)
                                 (no ring)
                                 (no ring)

@: lit by a corona, glowing
A: almost no armour, amphibious, 8 rings, camouflage 1, gelatinous body 1,
(nimble swimmer 1), tentacles
a: Renounce Religion


You were on level 5 of the Dungeon.
You worshipped Sif Muna.
Sif Muna was noncommittal.
You visited 2 branches of the dungeon, and saw 6 of its levels.

You collected 166 gold pieces.
You spent 60 gold pieces at shops.

Inventory:

Hand Weapons
 o - a +1 dire flail of venom
 q - a +0 dagger of venom (weapon)
Armour
 n - a +0 buckler (worn)
Jewellery
 g - an amulet of magic regeneration (around mantle)
 j - an amulet of reflection
Wands
 p - a wand of digging (4)
Scrolls
 c - 2 scrolls of blinking
 e - a scroll of enchant armour {unknown}
 f - 6 scrolls of identify
 h - 2 scrolls of amnesia {unknown}
 i - 3 scrolls of teleportation
 k - a scroll of magic mapping {unknown}
 l - 2 scrolls of fear
 m - a scroll of vulnerability {unknown}
Potions
 a - 2 potions of magic
 b - 3 potions of heal wounds
 d - 6 potions of curing


   Skills:
 * Level 3.9 Dodging
 + Level 4.3 Stealth
 * Level 3.8 Spellcasting
 * Level 3.0 Conjurations
 * Level 4.1 Fire Magic


You had 10 spell levels left.
You knew the following spells:

 Your Spells              Type           Power      Damage    Failure   Level
a - Foxfire               Conj/Fire      60%        2x1d7     4%          1
b - Scorch                Fire           34%        2d6       6%          2

Your spell library contained the following spells:

 Spells                   Type           Power      Damage    Failure   Level
 Inner Flame              Hex/Fire       10%        N/A       28%         3
 Dazzling Flash           Conj/Hex       16%        N/A       34%         3
 Kindle Blastsparks       Fire/Tloc/Air  14%        2d11      36%         3
 Flame Wave               Conj/Fire      15%        2d7       45%         4
 Gell's Gravitas          Tloc           3%         N/A       54%         3
 Ozocubu's Armour         Ice            3%         N/A       54%         3
 Teleport Other           Tloc           3%         N/A       54%         3
 Iskenderun's Mystic Bla  Conj/Tloc      8%         2d4       75%         4
 Dispersal                Tloc           1%         N/A       100%        6
 Starburst                Conj/Fire      7%         6d4       100%        6
 Ozocubu's Refrigeration  Ice            1%         4d7       100%        7


Dungeon Overview and Level Annotations

Branches:
Dungeon (5/15)             Temple (1/1) D:4

Altars:
Cheibriados
Dithmenos
Fedhas
Gozag
Hepliaklqana
Kikubaaqudgha
Makhleb
Nemelex Xobeh
Okawaru
Qazlal
Ru
Sif Muna
Trog
Uskayaw
Vehumet
Xom
Yredelemnul
Zin
The Shining One

Shops:
D:4 ?

Annotations:
D:5 exclusion: steam dragon, Dowan, Duvessa


Innate Abilities, Weirdness & Mutations

You cannot wear most types of armour.
You are amphibious.
You can wear up to eight rings at the same time.
Your skin changes colour to match your surroundings (Stealth+).
Your rubbery body absorbs attacks. (AC +1, EV +1)
((You are camouflaged when in or above water. (Stealth+)))
You have tentacles for arms and can constrict up to eight enemies at once.


Message History

Duvessa drinks a potion.
Duvessa flickers and vanishes!
Deactivating autopickup; reactivate with Ctrl-A.
Dowan drinks a potion.
Dowan's spells are empowered!
You conjure some foxfire!
Your foxfire dissipates!
The foxfire hits the hound.
The hound is severely wounded.
The foxfire hits the hound.
The hound is almost dead.
The hound falls through a shaft!
The shaft crumbles and collapses.
The foxfire hits something. x2
Dowan gestures wildly while chanting.
Dowan blinks!
Your foxfire dissipates!
Dowan casts a spell at you.
You are outlined in light.
Dowan points at you and mumbles some strange words.
The puff of flame hits you! Dowan gestures at you while chanting.
The puff of flame hits something!
Something hits you!
Dowan points at you and mumbles some strange words.
The puff of frost hits something.
Something hits you! You block something's attack.
Dowan gestures wildly while chanting.
Dowan blinks!
Something hits you!
* * * LOW HITPOINT WARNING * * *
You feel much better. Something hits you. Something hits you.
Something hits you!
* * * LOW HITPOINT WARNING * * *
Something hits you.
* * * LOW HITPOINT WARNING * * *
Dowan seems less brilliant.
Dowan gestures at you while chanting.
The puff of flame hits something but does no damage.
There is a stone staircase leading up here.
Something hits you!
You die...

.....................##..#.......
..........#......................
.....................###.........
......).(.#...........##.........
.......)###.[.........##.........
......)...#...........##.........
......[####...........##.........
#####.<..##...........##....ยง....
#####.....#.....@...e.......###..
..........#.###.###.######### ###
..........#...........)
..........#####.###+###
......................#
......................# .
......................# #
......................#
......................#


You could see Dowan.

Vanquished Creatures
  An ogre (D:3)
  Blork the orc (D:5)
  A hound (D:4)
  An iguana (D:5)
  An orc wizard (D:4)
  Ijyb (D:5)
  Robin (D:2)
  3 gnolls (D:5)
  3 adders
  A worm (D:2)
  3 dart slugs
  16 orcs
  5 ball pythons
  4 bats
  5 endoplasms
  3 giant cockroaches
  14 goblins
  6 hobgoblins
  2 jackals (D:4)
  4 kobolds
  5 quokkas
  3 frilled lizards (D:3)
  3 rats
87 creatures vanquished.

Vanquished Creatures (collateral kills)
  2 foxfires (D:1)
2 creatures vanquished.

Vanquished Creatures (others)
  239 foxfires
239 creatures vanquished.

Grand Total: 328 creatures vanquished

Notes
Turn   | Place    | Note
-------+----------+-------------------------------------------
     0 | D:1      | kingofthe the Octopode Fire Elementalist began the quest
                  | for the Orb.
     0 | D:1      | Reached XP level 1. HP: 11/11 MP: 3/3
   159 | D:1      | Reached XP level 2. HP: 17/17 MP: 0/5
   253 | D:1      | Learned a level 2 spell: Scorch
  1030 | D:2      | Reached XP level 3. HP: 21/21 MP: 1/6
  1245 | D:2      | You fall into a shaft and drop 1 floor!
  1283 | D:2      | Found an opulent altar of Gozag.
  1457 | D:2      | Noticed Robin
  1467 | D:2      | HP: 1/21 [goblin/+0 dagger[Robin] (2)]
  1468 | D:2      | Killed Robin
  1667 | D:2      | Reached XP level 4. HP: 27/27 MP: 5/8
  2034 | D:3      | Found a bloodstained altar of Trog.
  2317 | D:3      | Noticed an ogre
  2323 | D:3      | Killed an ogre
  2324 | D:3      | Reached XP level 5. HP: 31/31 MP: 3/9
  2970 | D:4      | Reached XP level 6. HP: 29/36 MP: 5/11
  3027 | D:4      | Found a shimmering blue altar of Sif Muna.
  3046 | D:4      | Became a worshipper of Sif Muna the Loreminder
  3097 | D:4      | Found Docw's Magic Scroll Emporium.
  3106 | D:4      | Bought a scroll of fear for 40 gold pieces
  3106 | D:4      | Bought a scroll of identify for 20 gold pieces
  3126 | D:4      | Found a staircase to the Ecumenical Temple.
  3555 | D:5      | Entered Level 5 of the Dungeon
  3605 | D:5      | Noticed Blork the orc
  3613 | D:5      | Killed Blork the orc
  3666 | D:5      | Noticed Ijyb
  3673 | D:5      | Killed Ijyb
  3718 | Temple   | Entered the Ecumenical Temple
  3974 | D:5      | Noticed a steam dragon
  4046 | D:5      | Reached XP level 7. HP: 41/41 MP: 10/12
  4064 | D:5      | Noticed Dowan
  4066 | D:5      | Noticed Duvessa
  4089 | D:5      | Slain by Duvessa

Illustrated notes

Levels and vault maps discovered:
D:1:      beargit_arrival_greenhouse, layout_basic, minmay_hedge_maze
D:2:      layout_loops_ring, basic_altar, kennysheep_small_spiral,
          minmay_strange_pillars, uniq_robin
D:3:      layout_loops_ring, trog_butcher_becter,
          chequers_serial_rivers_micro_a, guppyfry_early_lair_pool
D:4:      layout_loops_cross, nicolae_sif_muna_condensation,
          minmay_temple_entry_from_below_a, serial_shops, shop_statue,
          minmay_misc_feat_rows
D:5:      layout_basic, uniq_blork_the_orc, uniq_duvessa, uniq_ijyb
Temple:   nicolae_temple_bog_church

Skill      XL: |  1  2  3  4  5  6 |
---------------+-------------------+-----
Stealth        | 3 4 |  4.3
Dodging        | 3 |  3.9
Spellcasting   | 3 |  3.8
Conjurations   | 2 3 |  3.0
Fire Magic     | 4 |  4.1

Action                     |  1- 3 |  4- 6 |  7- 9 || total
---------------------------+-------+-------+-------++-------
  Melee: Unarmed           |    10 |     2 |       ||    12
         Tentacles         |     5 |     1 |       ||     6
         Constrict         |     4 |       |       ||     4
         Punch             |     1 |       |       ||     1
   Cast: Foxfire           |    58 |    80 |     4 ||   142
         Scorch            |     5 |    35 |       ||    40
    Use: Scroll            |       |     4 |       ||     4
         Potion            |       |       |     1 ||     1
 Armour: Skin              |     3 |       |       ||     3
  Dodge: Dodged            |    18 |     8 |       ||    26
  Block: Buckler           |       |       |     1 ||     1

Table legend: (Time is in decaauts)
 A = Elapsed time spent in this place.
 B = Non-inter-level travel time spent in this place.
 C = Inter-level travel time spent in this place.
 D = Time resting spent in this place.
 E = Time spent auto-exploring this place.
 F = Levels seen in this place.
 G = Mean time per level.
                   A        B        C        D        E       F      G
               +--------+--------+--------+--------+--------+-----+--------+
         Total |   4090 |   3880 |    210 |    196 |   3102 |   6 |  681.7 |
       Dungeon |   3947 |   3751 |    196 |    196 |   2986 |   5 |  789.4 |
        Temple |    142 |    128 |     14 |      0 |    116 |   1 |  142.0 |
               +--------+--------+--------+--------+--------+-----+--------+

Top non-repeatable levels by time:
     D:1: 1046 daAuts
     D:2: 981 daAuts
     D:4: 810 daAuts
     D:3: 808 daAuts
     D:5: 300 daAuts
  Temple: 142 daAuts
